Map: Winter's Gate LE

Players

MarineLorD - Winner!

  • Race: Protoss Protoss
  • League: Master
  • Spawn Location: 5:00

PtitDrogo

  • Race: Terran Terran
  • League: Grandmaster
  • Spawn Location: 11:00

Event: HomeStory Cup XX

VOD

Have the link to the VOD?

Description

Time

  • Played on: Nov. 22, 2019, 4:08 p.m.
  • Length: 8:24

All games in this series

Show
View Real Time Build Order
Export as new Build Order

MarineLorD Protoss - Winner!

Build Orders: 1 Gate Expand, Colossus Rush 

Get SALT Encoding   

  12  0:00  Probe  
  13  0:12  Probe  
  14  0:18  Pylon  
  14  0:24  Probe  
  15  0:36  Probe  
  15  0:41  Gateway  
  16  0:46  Assimilator, Probe  
  17  0:54  Probe  
  17  1:03  Probe  
  19  1:15  Probe  
  20  1:22  Nexus  
  20  1:34  Cybernetics Core  
  20  1:38  Probe  
  21  1:44  Assimilator  
  21  1:47  Pylon  
  21  1:50  Probe  
  22  2:00  Stalker, Probe  
  22  2:08  Probe  
  23  2:11  Warp Gate  
  26  2:17  Probe  
  27  2:29  Probe  
  28  2:30  Stalker  
  28  2:33  Probe  
  31  2:41  Probe x2  
  31  2:46  Robotics Facility  
  31  2:49  Probe  
  32  2:53  Probe  
  34  2:59  Pylon  
  34  3:00  Probe  
  34  3:03  Stalker  
  34  3:05  Probe  
  38  3:12  Probe  
  38  3:17  Probe  
  40  3:24  Gateway  
  40  3:25  Probe  
  41  3:29  Probe  
  42  3:36  Gateway  
  42  3:37  Probe  
  43  3:41  Stalker, Probe  
  46  3:49  Probe  
  46  3:52  Observer  
  46  3:53  Probe  
  49  4:01  Probe  
  49  4:02  Robotics Bay  
  50  4:05  Probe  
  50  4:08  Assimilator  
  51  4:10  Assimilator  
  51  4:13  Probe  
  52  4:18  Probe  
  52  4:20  Observer  
  54  4:30  Pylon  
  54  4:34  Pylon  
  54  4:38  Forge, Nexus  
  54  4:39  Twilight Council  
  54  4:40  Protoss Ground Weapons Level 1  
  54  4:42  Pylon  
  54  4:48  Pylon, Probe x2  
  56  4:56  Blink  
  56  4:57  Shield Battery  
  56  5:00  Shield Battery, Probe x2  
  56  5:01  Observer  
  56  5:05  Stalker x2  
  63  5:07  Sentry  
  63  5:12  Probe x2  
  67  5:16  Colossus  
  67  5:24  Probe x2  
  75  5:36  Probe x2  
  77  5:44  Shield Battery  
  77  5:47  Stalker x2  
  77  5:48  Stalker, Probe x2  
  84  5:51  Probe  
  85  6:00  Probe x2  
  85  6:03  Probe  
  88  6:05  Extended Thermal Lance, Colossus  
  86  6:12  Probe x2  
  86  6:15  Probe  
  87  6:24  Probe x2  
  95  6:27  Probe  
  95  6:28  Assimilator  
  95  6:30  Pylon  
  95  6:32  Assimilator  
  96  6:33  Pylon x2  
  96  6:36  Pylon  
  96  6:42  Zealot x2  
  100  6:48  Gateway  
  100  6:52  Gateway  
  100  6:53  Gateway  
  100  6:56  Forge  
  100  6:59  Sentry  
  102  7:08  Colossus  
  102  7:12  Probe x2  
  102  7:13  Pylon  
  102  7:15  Stalker x2  
  109  7:19  Observer  
  109  7:21  Pylon  
  115  7:27  Pylon  
  114  7:35  Stalker  
  116  7:50  Zealot  
  116  7:51  Zealot x4  
  110  8:15  Stalker x3  
  110  8:16  Stalker x3  
Show
View Real Time Build Order
Export as new Build Order

PtitDrogo Terran 

Build Orders: Gas First Reaper Expand 

Get SALT Encoding   

  12  0:00  SCV  
  13  0:13  SCV  
  14  0:17  Supply Depot  
  14  0:25  SCV  
  14  0:27  Refinery  
  15  0:38  SCV  
  16  0:44  Barracks  
  16  0:50  SCV  
  17  1:02  SCV  
  18  1:14  SCV  
  19  1:33  Reaper  
  19  1:35  Command Center  
  20  1:41  Orbital Command  
  20  1:53  Factory  
  20  2:05  Supply Depot  
  20  2:06  Barracks Reactor  
  20  2:09  SCV  
  21  2:20  Refinery  
  21  2:21  SCV  
  22  2:33  SCV  
  22  2:45  SCV  
  22  2:48  Starport  
  22  2:49  Orbital Command  
  23  2:52  Hellion  
  23  2:56  Barracks Tech Lab  
  23  2:58  SCV  
  26  3:03  Hellion  
  28  3:10  SCV  
  29  3:14  SCV  
  29  3:17  Widow Mine  
  32  3:22  SCV  
  32  3:24  Widow Mine  
  32  3:26  SCV  
  37  3:34  SCV  
  37  3:39  SCV  
  37  3:46  SCV  
  35  3:51  SCV  
  35  3:58  Barracks, SCV  
  35  3:59  Barracks  
  35  4:00  Widow Mine x2  
  41  4:03  Banshee, SCV  
  41  4:04  Cloaking Field  
  41  4:09  Barracks Tech Lab  
  42  4:10  SCV  
  42  4:15  SCV  
  44  4:20  Supply Depot  
  44  4:22  SCV  
  45  4:27  SCV  
  45  4:29  Stimpack  
  46  4:41  Marine  
  46  4:42  SCV x2  
  46  4:45  Refinery, Supply Depot, Banshee  
  49  4:46  Barracks Tech Lab, Barracks Reactor  
  49  4:52  Widow Mine  
  54  4:58  Supply Depot  
  58  5:07  Widow Mine, SCV x2  
  58  5:09  Marine x2  
  58  5:11  Combat Shield  
  60  5:19  SCV x2  
  62  5:22  Refinery  
  62  5:24  Marine x2  
  62  5:27  Marine x2  
  66  5:31  SCV  
  67  5:36  SCV  
  67  5:42  Marine  
  70  5:51  Marine  
  70  5:52  Supply Depot, Barracks  
  70  5:55  Marine x2, Barracks  
  72  5:59  Marine  
  72  6:02  Medivac x2  
  77  6:08  Marine  
  78  6:13  Marine x2, SCV  
  78  6:17  Marine, Siege Tank  
  77  6:26  Marine  
  77  6:30  Marine  
  77  6:32  Medivac x2  
  84  6:33  Concussive Shells  
  84  6:43  Marine x2  
  84  6:45  Marine  
  86  6:49  Supply Depot  
  86  6:51  Supply Depot x2  
  86  6:52  Marauder x2, Marine  
  91  7:01  Marine x2  
  91  7:02  Marine  
  94  7:11  Marine  
  94  7:13  Marauder x2  
  99  7:19  Marine x2  
  99  7:22  Marine  
  102  7:25  Medivac x2  
  102  7:28  Marine  
  102  7:34  Marine, Marauder  
  102  7:36  Marine  
  102  7:37  Marine  
  106  7:50  Marine x2  
  94  7:52  Marauder  
  94  7:56  Marauder, Marine  
  94  7:57  Marine  
Tags
 
Add a new tag
Caveats
  • Supply blocks, unpowered buildings, or Contaminate may cause inaccurate times.
  • Supply counts are checked every 10 seconds.